General information
- name: BNet
- type: Ladder team game (AT/RT)
- host: Battle.net
- saver: MONICATTHECAT
map: Friends
- players: 8
- length: 24:22
- speed: Fast
- version: 1.24 W3XP
- replay type: Public
» download(118 KB)
Players
team 1 (loser)
UPYOURSB1TCH (
orange | 27 APM | 641 actions | 23:35)
4 Dreadlord
2 Vampiric Aura
2 Sleep
» actions
| Build / train | 53 | |
| Enter build submenu | 14 | |
| Enter hero's abilities submenu | 4 | |
| Right click | 322 | |
| Select / deselect | 219 | |
| Use ability | 29 | |
641 total
» units
| Acolyte | 3 | |
| Ghoul | 11 | |
| Obsidian Statue | 2 | |
| Abomination | 11 | |
| Frost Wyrm | 2 | |
29 total
» upgrades
| Unholy Strength | 3 | |
| Unholy Armor | 3 | |
| Cannibalize | 1 | |
| Disease Cloud | 1 | |
| Ghoul Frenzy | 1 | |
9 total
» buildings
| Ziggurat | 7 | |
| Altar of Darkness | 1 | |
| Crypt | 1 | |
| Graveyard | 1 | |
| Nerubian Tower | 1 | |
| Tomb of Relics | 1 | |
| Halls of the Dead | 1 | |
| Spirit Tower | 2 | |
| Slaughterhouse | 2 | |
| Black Citadel | 1 | |
18 total
» build order
00:14 Ziggurat
00:21 Altar of Darkness
00:31 Crypt
01:12 Ziggurat
01:28 Graveyard
02:05 Ziggurat
02:22 Nerubian Tower
03:11 Tomb of Relics
04:56 Halls of the Dead
05:46 Spirit Tower
06:14 Ziggurat
06:18 Spirit Tower
07:19 Slaughterhouse
07:23 Slaughterhouse
07:40 Black Citadel
08:25 Ziggurat
11:58 Ziggurat
15:13 Ziggurat
» items
| Rod of Necromancy | 1 | |
| Dust of Appearance | 1 | |
| Scroll of Town Portal | 1 | |
| Orb of Corruption | 1 | |
4 total
lil.dean (
green | 22 APM | 465 actions | 21:11)
5 Death Knight
2 Death Coil
1 Unholy Aura
2 Death Pact
» actions
| Build / train | 34 | |
| Enter build submenu | 16 | |
| Enter hero's abilities submenu | 5 | |
| Give item / drop item | 1 | |
| Right click | 176 | |
| Select / deselect | 204 | |
| Use ability | 29 | |
465 total
» units
| Acolyte | 2 | |
| Ghoul | 4 | |
| Crypt Fiend | 6 | |
| Frost Wyrm | 9 | |
21 total
» upgrades
» buildings
| Ziggurat | 8 | |
| Altar of Darkness | 1 | |
| Crypt | 1 | |
| Graveyard | 1 | |
| Nerubian Tower | 1 | |
| Halls of the Dead | 1 | |
| Black Citadel | 1 | |
| Tomb of Relics | 1 | |
| Sacrificial Pit | 1 | |
| Boneyard | 2 | |
| Slaughterhouse | 1 | |
19 total
» build order
00:11 Ziggurat
00:14 Altar of Darkness
00:19 Crypt
01:29 Graveyard
02:26 Ziggurat
02:32 Ziggurat
03:21 Nerubian Tower
03:35 Halls of the Dead
07:00 Black Citadel
07:12 Tomb of Relics
07:17 Sacrificial Pit
08:10 Ziggurat
08:15 Ziggurat
08:18 Ziggurat
08:21 Ziggurat
11:18 Boneyard
11:26 Boneyard
12:07 Ziggurat
14:00 Slaughterhouse
» items
| Potion of Healing | 2 | |
| Orb of Corruption | 1 | |
3 total
quepedo (
red | 16 APM | 385 actions | 24:18)
5 Blademaster
1 Wind Walk
2 Mirror Image
2 Critical Strike
» actions
| Basic commands | 64 | |
| Build / train | 75 | |
| Enter build submenu | 20 | |
| Enter hero's abilities submenu | 5 | |
| Remove unit from queue | 1 | |
| Right click | 16 | |
| Select / deselect | 160 | |
| Use ability | 44 | |
385 total
» units
| Peon | 7 | |
| Troll Headhunter/Berserker | 50 | |
| Forest Troll Shadow Priest | 2 | |
| Forest Troll Berserker | 1 | |
| Mud Golem | 1 | |
| Ogre Mauler | 2 | |
| Goblin Zeppelin | 1 | |
64 total
» upgrades
| Spiked Barricades | 1 | |
| Melee Weapons | 0 | |
| Armor | 1 | |
| Ranged Weapons | 1 | |
3 total
» buildings
| Barracks | 1 | |
| Altar of Storms | 1 | |
| Orc Burrow | 10 | |
| War Mill | 1 | |
| Stronghold | 1 | |
| Beastiary | 1 | |
| Great Hall | 2 | |
17 total
» build order
00:12 Barracks
00:19 Altar of Storms
01:29 Orc Burrow
02:04 Orc Burrow
04:07 Orc Burrow
04:18 War Mill
04:34 Orc Burrow
06:22 Orc Burrow
07:43 Orc Burrow
07:50 Orc Burrow
09:54 Orc Burrow
14:22 Stronghold
14:59 Orc Burrow
15:22 Orc Burrow
19:23 Beastiary
22:32 Great Hall
23:33 Great Hall

»
ghostgoblin21 (
blue | 22 APM | 487 actions | 21:41)
3 Beastmaster
2 Summon Hawk
1 Summon Bear
» actions
| Basic commands | 6 | |
| Build / train | 58 | |
| Enter build submenu | 22 | |
| Enter hero's abilities submenu | 3 | |
| Right click | 190 | |
| Select / deselect | 178 | |
| Use ability | 30 | |
487 total
» units
| Peasant | 12 | |
| Footman | 5 | |
| Rifleman | 10 | |
| Priest | 5 | |
| Knight | 8 | |
| Goblin Shredder | 1 | |
41 total
» upgrades
| Long Rifles | 1 | |
| Priest Training | 2 | |
| Lumber Harvesting | 1 | |
| Gunpowder | 2 | |
| Armor | 1 | |
| Animal War Training | 1 | |
8 total
» buildings
| Farm | 12 | |
| Altar of Kings | 1 | |
| Barracks | 1 | |
| Scout Tower | 3 | |
| Lumber Mill | 1 | |
| Arcane Tower | 1 | |
| Guard Tower | 2 | |
| Keep | 1 | |
| Blacksmith | 1 | |
| Arcane Vault | 1 | |
| Arcane Sanctum | 1 | |
| Castle | 1 | |
26 total
» build order
00:06 Farm
00:13 Altar of Kings
00:44 Barracks
00:52 Scout Tower
01:54 Lumber Mill
02:10 Arcane Tower
02:35 Farm
03:26 Farm
04:07 Scout Tower
04:12 Farm
04:39 Guard Tower
04:44 Scout Tower
04:53 Farm
05:14 Keep
05:37 Blacksmith
07:19 Arcane Vault
07:22 Guard Tower
08:17 Arcane Sanctum
08:28 Farm
11:22 Castle
11:35 Farm
12:30 Farm
12:38 Farm
14:00 Farm
15:10 Farm
16:53 Farm
team 2 (winner)
MONICATTHECAT (
yellow | 52 APM | 1270 actions | 24:22)
8 Tauren Chieftain
3 Endurance Aura
3 Shockwave
1 Reincarnation
1 War Stomp
» actions
| Assign group hotkey | 28 | |
| Basic commands | 15 | |
| Build / train | 54 | |
| Enter build submenu | 24 | |
| Enter hero's abilities submenu | 8 | |
| Give item / drop item | 1 | |
| Remove unit from queue | 4 | |
| Right click | 431 | |
| Select / deselect | 232 | |
| Select group hotkey | 382 | |
| Use ability | 91 | |
1270 total
» units
| Peon | 14 | |
| Demolisher | 6 | |
| Goblin Shredder | 1 | |
| Goblin Zeppelin | 1 | |
| Wind Rider | 2 | |
24 total
» upgrades
| Spiked Barricades | 1 | |
| Ranged Weapons | 3 | |
| Burning Oil | 1 | |
| Reinforced Defenses | 1 | |
| Armor | 3 | |
| Envenomed Spears | 1 | |
| Liquid Fire | 1 | |
11 total
» buildings
| Altar of Storms | 1 | |
| Orc Burrow | 6 | |
| War Mill | 2 | |
| Stronghold | 2 | |
| Voodoo Lounge | 1 | |
| Watch Tower | 13 | |
| Barracks | 2 | |
| Fortress | 1 | |
| Great Hall | 2 | |
| Beastiary | 4 | |
34 total
» build order
00:16 Altar of Storms
00:28 Orc Burrow
01:14 War Mill
01:49 Orc Burrow
02:42 Stronghold
02:50 Voodoo Lounge
02:58 Orc Burrow
03:00 Orc Burrow
03:02 Orc Burrow
03:05 Orc Burrow
04:09 Watch Tower
04:15 Watch Tower
04:51 Barracks
05:04 Fortress
05:24 Barracks
06:09 War Mill
09:43 Great Hall
09:54 Watch Tower
09:55 Watch Tower
11:50 Watch Tower
11:50 Watch Tower
13:37 Watch Tower
13:38 Watch Tower
14:39 Watch Tower
14:39 Watch Tower
14:39 Watch Tower
15:53 Beastiary
15:53 Beastiary
15:57 Beastiary
15:58 Beastiary
17:02 Watch Tower
17:02 Watch Tower
22:15 Great Hall
23:23 Stronghold
» items
| Scroll of Regeneration | 1 | |
| Ankh of Reincarnation | 1 | |
| Potion of Divinity | 1 | |
3 total

»
beingnitself (
teal | 39 APM | 938 actions | 24:18)
7 Mountain King
3 Storm Bolt
3 Bash
1 Avatar
7 Paladin
3 Holy Light
1 Divine Shield
2 Devotion Aura
1 Resurrection
» actions
| Assign group hotkey | 16 | |
| Basic commands | 16 | |
| Build / train | 59 | |
| Enter build submenu | 34 | |
| Enter hero's abilities submenu | 14 | |
| Give item / drop item | 1 | |
| Right click | 390 | |
| Select / deselect | 212 | |
| Select group hotkey | 116 | |
| Use ability | 80 | |
938 total
» units
| Peasant | 11 | |
| Footman | 6 | |
| Knight | 6 | |
| Goblin Shredder | 1 | |
24 total
» upgrades
| Defend | 1 | |
| Lumber Harvesting | 1 | |
| Masonry | 1 | |
| Animal War Training | 1 | |
| Swords | 3 | |
| Plating | 2 | |
9 total
» buildings
| Barracks | 3 | |
| Altar of Kings | 1 | |
| Farm | 10 | |
| Lumber Mill | 2 | |
| Keep | 1 | |
| Scout Tower | 9 | |
| Castle | 2 | |
| Blacksmith | 1 | |
| Arcane Vault | 1 | |
| Guard Tower | 4 | |
| Town Hall | 1 | |
35 total
» build order
00:14 Barracks
00:17 Altar of Kings
00:22 Farm
01:14 Farm
01:58 Farm
03:16 Lumber Mill
04:19 Keep
06:15 Scout Tower
07:28 Scout Tower
08:07 Farm
08:11 Castle
08:11 Castle
08:20 Blacksmith
08:47 Arcane Vault
10:06 Farm
10:08 Guard Tower
10:14 Scout Tower
10:42 Barracks
10:45 Barracks
11:32 Farm
11:47 Town Hall
12:04 Lumber Mill
12:29 Farm
14:08 Scout Tower
14:11 Scout Tower
14:19 Scout Tower
14:33 Farm
14:45 Guard Tower
14:47 Guard Tower
14:51 Scout Tower
15:00 Scout Tower
15:04 Scout Tower
15:53 Guard Tower
16:02 Farm
16:56 Farm
» items
| Healing Salve | 1 | |
| Orb of Fire | 2 | |
3 total

»
i.BS.if.UnDeaD (
pink | 39 APM | 944 actions | 24:18)
5 Archmage
2 Summon Water Elemental
2 Brilliance Aura
1 Blizzard
4 Blood Mage
2 Flame Strike
2 Siphon Mana
» actions
| Basic commands | 14 | |
| Build / train | 68 | |
| ESC pressed | 1 | |
| Enter build submenu | 29 | |
| Enter hero's abilities submenu | 9 | |
| Remove unit from queue | 2 | |
| Right click | 391 | |
| Select / deselect | 360 | |
| Use ability | 70 | |
944 total
» units
| Peasant | 16 | |
| Mortar Team | 7 | |
| Siege Engine | 5 | |
| Flying Machine | 1 | |
29 total
» upgrades
| Gunpowder | 3 | |
| Masonry | 3 | |
| Lumber Harvesting | 2 | |
| Armor | 3 | |
| Fragmentation Shards | 1 | |
| Flare | 1 | |
| Barrage | 1 | |
| Plating | 1 | |
15 total
» buildings
| Altar of Kings | 2 | |
| Farm | 12 | |
| Scout Tower | 2 | |
| Arcane Tower | 2 | |
| Arcane Vault | 2 | |
| Lumber Mill | 2 | |
| Keep | 2 | |
| Blacksmith | 1 | |
| Guard Tower | 1 | |
| Workshop | 3 | |
| Castle | 1 | |
| Town Hall | 1 | |
| Gryphon Aviary | 1 | |
32 total
» build order
00:39 Altar of Kings
00:43 Farm
00:49 Scout Tower
02:18 Arcane Tower
02:19 Arcane Tower
02:33 Farm
04:20 Arcane Vault
04:27 Lumber Mill
04:55 Lumber Mill
05:02 Scout Tower
05:05 Keep
05:12 Blacksmith
05:28 Farm
05:30 Guard Tower
05:32 Farm
06:57 Farm
06:59 Farm
07:02 Farm
07:27 Workshop
07:34 Workshop
09:53 Castle
10:58 Farm
11:04 Farm
11:11 Farm
13:24 Town Hall
14:26 Arcane Vault
15:43 Gryphon Aviary
19:08 Farm
19:55 Altar of Kings
21:15 Workshop
22:37 Farm
» items
| Potion of Healing | 3 | |
| Scroll of Town Portal | 1 | |
| Orb of Fire | 1 | |
5 total

»
arturojb (
purple | 21 APM | 508 actions | 24:18)
8 Blademaster
1 Wind Walk
3 Critical Strike
3 Mirror Image
1 Bladestorm
» actions
| Build / train | 86 | |
| Enter build submenu | 19 | |
| Enter hero's abilities submenu | 9 | |
| Remove unit from queue | 3 | |
| Right click | 146 | |
| Select / deselect | 199 | |
| Use ability | 46 | |
508 total
» units
| Peon | 12 | |
| Grunt | 6 | |
| Troll Witch Doctor | 7 | |
| Shaman | 16 | |
| Tauren | 14 | |
55 total
» upgrades
| Melee Weapons | 3 | |
| Spiked Barricades | 1 | |
| Pillage | 1 | |
| Berserker Strength | 1 | |
| Shaman Training | 2 | |
| Witch Doctor Training | 2 | |
| Armor | 2 | |
| Pulverize | 1 | |
13 total
» buildings
| Orc Burrow | 8 | |
| Altar of Storms | 1 | |
| Barracks | 1 | |
| War Mill | 1 | |
| Stronghold | 1 | |
| Voodoo Lounge | 1 | |
| Watch Tower | 1 | |
| Spirit Lodge | 1 | |
| Fortress | 1 | |
| Tauren Totem | 2 | |
| Great Hall | 1 | |
19 total
» build order
00:08 Orc Burrow
00:12 Altar of Storms
01:11 Barracks
01:32 War Mill
02:08 Orc Burrow
02:37 Orc Burrow
03:44 Stronghold
03:49 Orc Burrow
04:23 Voodoo Lounge
04:49 Orc Burrow
05:36 Watch Tower
07:02 Spirit Lodge
07:21 Fortress
07:41 Orc Burrow
09:15 Orc Burrow
10:26 Tauren Totem
11:10 Tauren Totem
15:52 Great Hall
16:25 Orc Burrow
» items
| Healing Salve | 3 | |
| Orb of Lightning | 1 | |
4 total
Chat log
(01:17 / Allies) arturojb: are we rushing?
(01:39 / Allies) arturojb: guess not
(03:26 / All) MONICATTHECAT: purple can i ask u a question
(03:37 / Allies) beingnitself: i am getting scouted
(07:05 / Allies) beingnitself: ... serioulsy yellow
(07:10 / Allies) MONICATTHECAT: its just one item wow
(07:13 / Allies) beingnitself: i should bs you over that
(07:18 / Allies) MONICATTHECAT: where do i drop it
(07:20 / Allies) MONICATTHECAT: for u
(07:21 / Allies) beingnitself: you dont even have mana yet
(07:45 / Allies) beingnitself: ty
(11:29 / Allies) MONICATTHECAT: this furlbog is imba as hell
(11:40 / Allies) MONICATTHECAT: i need shredder
(11:46 / Allies) i.BS.if.UnDeaD: puprle take expo
(11:55 / Allies) arturojb: I have to heal
(13:52 / Allies) MONICATTHECAT: we could brave the golems teal
(16:11 / Allies) beingnitself: ok im ready
(17:28 / Allies) i.BS.if.UnDeaD: tp
(17:30 / Allies) i.BS.if.UnDeaD: teal
(17:37 / Allies) beingnitself: going
(19:02 / Allies) arturojb: counter
(20:34 / All) MONICATTHECAT: GG
(20:39 / All) lil.dean: well gg
(20:43 / All) MONICATTHECAT: IM AN OLDSCOOL PRO
(20:46 / All) MONICATTHECAT: U NEVER HAD A CHANCE
(21:35 / All) ghostgoblin21: killed your hero though bitcgh
(21:40 / All) MONICATTHECAT: I HAVE ANK idiot
(21:42 / All) MONICATTHECAT: 2 anks
(22:36 / Allies) beingnitself: gj fellas
(22:59 / Allies) arturojb: gg
(24:04 / All) i.BS.if.UnDeaD: gg